 Dungeon Crawl Stone Soup version 0.30-a0-1114-gd936c97349 (webtiles) character file.

Game seed: 16544467256415020977

36572 senseless the Destroyer (level 13, -10/86 HPs)
             Began as a Demigod Conjurer on Apr 20, 2023.
             Mangled by PostNTower's ghost (27 damage)
             ... on level 3 of the Lair of Beasts.
             The game lasted 01:30:26 (17947 turns).

senseless the Destroyer (Demigod Conjurer)         Turns: 17947, Time: 01:30:28

Health: -10/86     AC: 23    Str: 14    XL:     13   Next: 22%
Magic:  12/28      EV: 15    Int: 42    God:
Gold:   1226       SH:  8    Dex: 20    Spells: 6/27 levels left

rFire   . . .      SeeInvis +    o - staff of poison
rCold   + + +      Faith    .    I - +2 buckler
rNeg    + + .      Spirit   .    n - +5 ring mail of Dify {rElec Int+6 Dex+8}
rPois   +          Reflect  .    c - +2 helmet
rElec   +          Rampage  .    Y - +0 cloak
rCorr   .                        B - +2 pair of gloves
Will    +....                    l - +2 pair of boots
Stlth   ++++                     j - amulet of magic regeneration
HPRegen 0.34/turn                d - ring of wizardry
MPRegen 0.61/turn                D - ring of the Purple Skies {rElec rC+++ rN++ Str+6 SInv}

@: no status effects
A: high MP 1, forlorn, divine attributes
a: no special abilities


You were on level 3 of the Lair of Beasts.
You visited 2 branches of the dungeon, and saw 15 of its levels.
You also visited: Bailey and Ice Cave.

You collected 1306 gold pieces.
You spent 80 gold pieces at shops.

Inventory:

Hand Weapons
 x - a +1 war axe of flaming
 H - a +3 sling
 U - the +11 arbalest "Ofila Qirac" {penet, +Blink rPois Str-4}
   (You found it in an ice cave)

   Str:       It affects your strength (-4).
   rPois:     It protects you from poison.
   +Blink:    It lets you blink.
Armour
 c - a +2 helmet (worn)
 l - a +2 pair of boots (worn)
 n - the +5 ring mail of Dify (worn) {rElec Int+6 Dex+8}
   (You found it on level 2 of the Dungeon)

   Int:       It affects your intelligence (+6).
   Dex:       It affects your dexterity (+8).
   rElec:     It insulates you from electricity.
 B - a +2 pair of gloves (worn)
 I - a +2 buckler (worn)
 T - a +2 robe of resistance
 V - a +0 tower shield of cold resistance
 Y - a +0 cloak (worn)
Magical Staves
 o - a staff of poison (weapon)
Jewellery
 d - a ring of wizardry (left hand)
 j - an amulet of magic regeneration (around neck)
 w - a ring of protection from fire
 D - the ring of the Purple Skies (right hand) {rElec rC+++ rN++ Str+6 SInv}
   (You acquired it on level 7 of the Dungeon)

   [ring of strength]

   Str:       It affects your strength (+6).
   rC:        It renders you almost immune to cold.
   rElec:     It insulates you from electricity.
   rN:        It greatly protects you from negative energy.
   SInv:      It lets you see invisible.
 F - a ring of protection from cold
 J - a ring of flight
 L - a ring of resist corrosion
Wands
 s - a wand of flame (51)
 y - a wand of roots (23)
 C - a wand of paralysis (3)
 X - a wand of digging (18)
Scrolls
 f - 4 scrolls of fog
 q - 2 scrolls of summoning
 r - 8 scrolls of teleportation
 u - 4 scrolls of identify
 z - a scroll of magic mapping
 G - 3 scrolls of enchant weapon
 K - 2 scrolls of immolation
 M - 2 scrolls of blinking
 N - 2 scrolls of brand weapon
 R - 2 scrolls of fear
 S - a scroll of poison
 W - a scroll of amnesia
Potions
 a - 3 potions of mutation
 b - 3 potions of magic
 e - a potion of invisibility
 g - 2 potions of heal wounds
 h - 3 potions of attraction
 k - 3 potions of berserk rage
 m - 2 potions of might
 p - 7 potions of curing
 t - 6 potions of lignification
 v - 7 potions of flight
 A - 2 potions of cancellation
 E - 2 potions of haste
 Z - 2 potions of resistance
Miscellaneous
 i - a piece from Xom's chessboard (15/15)
 O - a condenser vane
 P - a phantom mirror
 Q - a phial of floods


   Skills:
 + Level 7.7 Armour
 + Level 8.1 Dodging
 - Level 8.6 Stealth
 + Level 5.5 Shields
 + Level 7.5 Spellcasting
 + Level 8.7 Conjurations
 - Level 6.6 Hexes
 + Level 4.6 Fire Magic
 + Level 6.8 Poison Magic
 + Level 4.6 Evocations


You had 6 spell levels left.
You knew the following spells:

 Your Spells              Type           Power      Damage    Failure   Level
a - Magic Dart            Conj           100%       1d8       1%          1
b - Searing Ray           Conj           100%       2d8       1%          2
c - Dazzling Flash        Conj/Hex       100%       N/A       1%          3
d - Fulminant Prism       Conj/Hex       34%        3d16      1%          4
e - Olgreb's Toxic Radia  Pois           83%        N/A       1%          4
f - Ignite Poison         Fire/Tmut/Pois 64%        N/A       1%          3
g - Iskenderun's Mystic   Conj/Tloc      51%        2d11      3%          4

Your spell library contained the following spells:

 Spells                   Type           Power      Damage    Failure   Level
 Apportation              Tloc           30%        N/A       1%          1
 Necrotise                Necr           60%        1d7       1%          1
 Sting                    Tmut/Pois      100%       1d8       1%          1
 Summon Small Mammal      Summ           60%        N/A       1%          1
 Cigotuvi's Dreadful Rot  Necr/Pois/Air  100%       N/A       1%          2
 Momentum Strike          Conj/Tloc      100%       3d10      1%          2
 Poisonous Vapours        Pois/Air       100%       N/A       1%          2
 Hailstorm                Conj/Ice       51%        3d11      1%          3
 Mephitic Cloud           Conj/Pois/Air  73%        N/A       1%          3
 Summon Guardian Golem    Hex/Summ       43%        N/A       1%          3
 Sticky Flame             Conj/Fire      64%        2d8       1%          4
 Blink                    Tloc           30%        N/A       2%          2
 Lesser Beckoning         Tloc           30%        N/A       2%          2
 Call Canine Familiar     Summ           15%        N/A       6%          3
 Ozocubu's Armour         Ice            15%        N/A       6%          3
 Vhi's Electric Charge    Tloc/Air       30%        N/A       6%          3
 Arcjolt                  Conj/Air       25%        1d35      9%          5
 Alistair's Intoxication  Tmut/Pois      40%        N/A       13%         5
 Summon Mana Viper        Hex/Summ       43%        N/A       13%         5
 Freezing Cloud           Conj/Ice/Air   20%        6-21      16%         5
 Manifold Assault         Tloc           15%        N/A       19%         4
 Summon Forest            Summ/Tloc      7%         N/A       45%         5
 Simulacrum               Ice/Necr       7%         N/A       94%         6
 Summon Cactus Giant      Summ           7%         N/A       94%         6
 Storm Form               Tmut/Air       7%         N/A       100%        7
 Borgnjor's Revivificati  Necr           7%         N/A       100%        8
 Ignition                 Fire           26%        3d9       100%        8
 Maxwell's Capacitive Co  Air            7%         ∞         100%        8
 Necromutation            Tmut/Necr      7%         N/A       100%        8
 Death's Door             Necr           7%         N/A       100%        9


Dungeon Overview and Level Annotations

Branches:
Dungeon (12/15)            Temple (0/1) D:5            Lair (3/5) D:8
  Swamp (0/4) Lair:2        Snake (0/4) Lair:2          Orc (0/2) D:12
 Bailey (visited)           IceCv (visited)

Shops:
D:8 *   D:10 *

Annotations:
Lair:3 PostNTower's ghost, journeyman DsFi


Innate Abilities, Weirdness & Mutations

You have an increased reservoir of magic. (+10% MP)
You shall have no god before yourself.
Your divine heritage dramatically boosts your attributes as you level up.


Message History

You erupt in a blast of force!
The mystic blast hits PostNTower's ghost!
PostNTower's ghost is almost destroyed.
PostNTower's ghost is knocked back by the mystic blast.
Casting: Iskenderun's Mystic Blast (dangerous; 3% risk of failure)
Confirm with . or Enter, or press ? or * to list all spells.
Aiming: Searing Ray (safe; 1% risk of failure)
Press: ? - help, Shift-Dir - straight line, f/p - PostNTower's ghost
Aim: PostNTower's ghost, wielding a heavy weapon (almost destroyed, 63% to hit)
The searing ray misses PostNTower's ghost. (Press . to maintain the ray.) Unknown command.
The searing ray hits PostNTower's ghost but does no damage.
PostNTower's ghost is almost destroyed.
The searing ray hits PostNTower's ghost but does no damage.
PostNTower's ghost is almost destroyed.
You block PostNTower's ghost's attack.
The searing ray misses PostNTower's ghost.
You finish channelling your searing ray.
PostNTower's ghost barely misses you.
Casting: Searing Ray (safe; 1% risk of failure)
Confirm with . or Enter, or press ? or * to list all spells.
You erupt in a blast of force!
The mystic blast hits PostNTower's ghost but does no damage.
PostNTower's ghost is almost destroyed.
PostNTower's ghost hits you!!
* * * LOW HITPOINT WARNING * * *
Casting: Iskenderun's Mystic Blast (dangerous; 3% risk of failure)
Confirm with . or Enter, or press ? or * to list all spells.
You erupt in a blast of force!
The mystic blast hits PostNTower's ghost but does no damage.
PostNTower's ghost is almost destroyed.
You block PostNTower's ghost's attack.
Casting: Iskenderun's Mystic Blast (dangerous; 3% risk of failure)
Confirm with . or Enter, or press ? or * to list all spells.
You erupt in a blast of force!
The mystic blast hits PostNTower's ghost.
PostNTower's ghost is almost destroyed.
PostNTower's ghost hits you!!
You die...

..........# #..####
##........ #........##
##.# ##.......
##.#.....#### #..#
#.###.##
##.....####.###P.## ###
##..
#............########
####.#+
.......#..#.##..##~.##
#....<.
#.......#...##..#.$#~#
+......
....###.....#...#W⌠..##
#......
..#.........#...@...}≈#
###......
'.#...#.........'.#≈.##
#........
#...#.......#P..#..~~.#
###P..P..
###..#.##P+.##..#...###
###.###
######...##...#~##.#
#..##
####.#..####.#########
##..#
#..)#.#+#####.#.P#...####
#..# ##.........#
#.........P#.###..##
##.........#
#..........##......†


You could see PostNTower's ghost.

Vanquished Creatures
  2 two-headed ogres
  2 ironbound frosthearts (IceCv)
  A boulder beetle (D:11)
  8 death yaks
  Nergalle (Lair:3)
  A swamp dragon (Lair:2)
  A deep elf pyromancer (Bailey)
  An orc knight (Bailey)
  6 elephants (Lair:2)
  A cyclops (D:11)
  2 ugly things
  An oklob plant (Lair:1)
  A manticore (D:12)
  2 slime creatures (D:12)
  A guardian serpent (D:12)
  An ice statue (IceCv)
  5 black mambas
  A cane toad (Lair:2)
  Maurice (D:11)
  2 gargoyles
  A kobold demonologist (D:11)
  3 komodo dragons
  2 ice devils (D:12)
  2 trolls
  7 polar bears (IceCv)
  5 blink frogs (Lair:3)
  A shadow (D:10)
  4 wyverns
  29 yaks
  2 wraiths (D:10)
  3 basilisks
  A steam dragon (D:8)
  2 vampire mosquitoes
  A naga (Lair:2)
  2 acid dragons
  11 water moccasins
  Duvessa (D:4)
  10 orc warriors
  A swamp drake (D:12)
  3 sky beasts
  An ice beast (D:8)
  3 black bears
  2 ogres
  6 centaurs
  24 wolves
  5 kobold brigands
  4 scorpions
  8 bullfrogs
  2 gnoll sergeants
  Dowan (D:4)
  2 electric eels (D:9)
  6 howler monkeys
  5 crimson imps (D:7)
  4 hounds
  5 jellies
  8 orc priests
  2 sleepcaps
  8 iguanas
  9 orc wizards
  5 adders
  10 gnolls
  2 shadow imps (D:7)
  6 white imps
  An ufetubus (D:3)
  4 worms
  4 dart slugs
  44 orcs
  4 endoplasms
  2 giant cockroaches
  10 goblins
  8 hobgoblins
  9 jackals
  26 kobolds
  3 quokkas
  3 ball pythons
  5 bats
  3 frilled lizards (D:2)
  9 rats
395 creatures vanquished.

Vanquished Creatures (others)
  An orc warrior (D:12)
  4 demonic plants (D:1)
  A fulminant prism (D:11)
  15 fungi
  20 plants
  2 withered plants (D:1)
43 creatures vanquished.

Grand Total: 438 creatures vanquished

Notes
Turn   | Place    | Note
-------+----------+-------------------------------------------
     0 | D:1      | senseless the Demigod Conjurer began the quest for the Orb.
     0 | D:1      | Reached XP level 1. HP: 14/14 MP: 5/5
   416 | D:1      | Reached XP level 2. HP: 20/20 MP: 2/7
   419 | D:1      | Learned a level 2 spell: Searing Ray
  1183 | D:2      | Identified the +5 ring mail of Dify {rElec Int+6 Dex+8}
  1557 | D:2      | Reached XP level 3. HP: 26/26 MP: 4/8
  1923 | D:3      | Learned a level 3 spell: Dazzling Flash
  2097 | D:3      | Reached XP level 4. HP: 33/33 MP: 7/10
  2193 | D:3      | Reached skill level 1 in Armour
  2766 | D:4      | Reached XP level 5. HP: 38/38 MP: 8/11
  3040 | D:4      | Noticed an ogre
  3046 | D:4      | Killed an ogre
  3047 | D:4      | Reached XP level 6. HP: 45/45 MP: 8/13
  3281 | D:4      | Noticed Duvessa
  3302 | D:4      | Killed Duvessa
  3353 | D:4      | Noticed Dowan
  3359 | D:4      | Killed Dowan
  3376 | D:4      | Got Sif Muna's Volume of Mortuary Reformation
  3869 | D:3      | Reached XP level 7. HP: 42/50 MP: 1/15
  4129 | D:4      | Reached skill level 5 in Conjurations
  4326 | D:4      | Learned a level 4 spell: Fulminant Prism
  4327 | D:5      | Entered Level 5 of the Dungeon
  4842 | D:5      | Reached skill level 1 in Hexes
  4953 | D:5      | Reached skill level 1 in Poison Magic
  5241 | D:5      | Reached XP level 8. HP: 57/57 MP: 13/17
  5283 | D:5      | Found a staircase to the Ecumenical Temple.
  5369 | D:6      | Learned a level 4 spell: Olgreb's Toxic Radiance
  5417 | D:6      | Noticed a two-headed ogre
  5432 | D:5      | Reached skill level 5 in Stealth
  5579 | D:6      | Killed a two-headed ogre
  5580 | D:6      | Reached skill level 5 in Dodging
  5580 | D:6      | Reached XP level 9. HP: 7/62 MP: 9/19
  6626 | D:7      | Reached skill level 5 in Spellcasting
  6697 | D:7      | Learned a level 3 spell: Ignite Poison
  7035 | D:7      | Identified a scroll of acquirement
  7035 | D:7      | Acquired the ring of the Purple Skies {rElec rC+++ rN++
                  | Str+6 SInv}
  7800 | D:8      | Reached skill level 5 in Armour
  7864 | D:8      | Found Xutag's General Store.
  7882 | D:8      | Found Xegikug's Specific Store.
  7892 | D:8      | Bought 2 scrolls of identify for 64 gold pieces
  8047 | D:8      | Found a staircase to the Lair.
  8050 | D:8      | Reached XP level 10. HP: 69/69 MP: 9/21
  8051 | D:8      | Reached skill level 1 in Shields
  9356 | D:10     | Entered Level 10 of the Dungeon
  9744 | D:10     | Found Kusaok's CLEARANCE SALE!.
  9748 | D:10     | Found a flagged portal.
  9758 | Bailey   | Entered a bailey
  9803 | Bailey   | Noticed an orc knight
  9884 | Bailey   | Killed an orc knight
  9924 | Bailey   | Found a large runed translucent door.
  9924 | Bailey   | Found a large runed translucent door.
  9925 | Bailey   | Noticed a deep elf pyromancer
 10029 | Bailey   | Killed a deep elf pyromancer
 10238 | D:10     | Bought a scroll of fear for 16 gold pieces
 10370 | D:10     | Noticed a two-headed ogre
 10381 | D:10     | Killed a two-headed ogre
 10382 | D:10     | Reached skill level 5 in Hexes
 10606 | D:10     | Reached XP level 11. HP: 66/74 MP: 20/24
 11029 | D:11     | Reached skill level 1 in Fire Magic
 11029 | D:11     | Reached skill level 1 in Evocations
 11057 | D:11     | Noticed Maurice
 11069 | D:11     | Killed Maurice
 11070 | D:11     | Reached skill level 5 in Poison Magic
 11074 | D:11     | Noticed a boulder beetle
 11089 | D:11     | Killed a boulder beetle
 11597 | D:11     | Learned a level 4 spell: Iskenderun's Mystic Blast
 12075 | D:12     | Found a frozen archway.
 12084 | IceCv    | Entered an ice cave
 12984 | IceCv    | Reached XP level 12. HP: 81/81 MP: 17/26
 13007 | IceCv    | Noticed an ironbound frostheart
 13007 | IceCv    | Noticed an ironbound frostheart
 13010 | IceCv    | Killed an ironbound frostheart
 13012 | IceCv    | Killed an ironbound frostheart
 13137 | IceCv    | Identified the +11 arbalest "Ofila Qirac" {penet, +Blink
                  | rPois Str-4}
 13142 | IceCv    | Got the Almanac of the Crevasse
 14386 | D:12     | Found a staircase to the Orcish Mines.
 14659 | Lair:1   | Entered Level 1 of the Lair of Beasts
 15163 | Lair:1   | You fall into a shaft and drop 1 floor!
 15163 | Lair:2   | Found a staircase to the Snake Pit.
 15229 | Lair:2   | Reached skill level 5 in Shields
 16528 | Lair:2   | Found a staircase to the Swamp.
 16549 | Lair:2   | Reached XP level 13. HP: 53/86 MP: 16/28
 17588 | Lair:3   | Noticed Nergalle
 17598 | Lair:3   | Killed Nergalle
 17907 | Lair:3   | Found a large runed translucent door.
 17907 | Lair:3   | Found a large runed translucent door.
 17909 | Lair:3   | Noticed PostNTower's ghost (journeyman DsFi)
 17947 | Lair:3   | Mangled by PostNTower's ghost

Illustrated notes

Levels and vault maps discovered:
D:1:      dpeg_arrival_another_circle, layout_basic,
          shapermc_ecumenical_altar_gd
D:2:      layout_basic, kennysheep_generic_room_11
D:3:      layout_basic, minmay_cut_off
D:4:      minmay_razor_zed, layout_basic, nzn_overflow_gifts_of_might_and_magic
D:5:      minmay_spotlight, layout_loops_cross, okawaru_gym_becter,
          minmay_temple_entry_enclosed_plants, minmay_misc_feat_alley,
          dreamdust_mushroom_princess, nicolae_nh_ransacked_shop
D:6:      hangedman_cross_stitches, layout_loops_cross, old_standard_altar,
          minivault_24
D:7:      layout_loops_ring, chequers_temple_overflow_statue_of_worship,
          minmay_nine_imps
D:8:      layout_loops_ring, mainiacjoe_overflow_alcove_4,
          minmay_lair_entry_grove, nicolae_specific_store
D:9:      layout_basic, ldierk_geyser
D:10:     layout_stronghold, enter_bailey_5, hangedman_decor_riveting,
          nicolae_shop_clearance
D:11:     layout_basic, kennysheep_slug_shrine, uniq_maurice
D:12:     layout_loops_corners, erik_orc_1, portal_ice_cave_demonic_guard,
          nrook_guardian_serpent_double
Lair:1:   layout_regular_city, chequers_serial_rivers_marsh,
          minmay_lair_oklob_items, nicolae_lair_lil_pond
Lair:2:   layout_gridlike, minmay_swamp_entry_reptiles,
          guppyfry_snake_entry_garden, grunt_megastairs_4, lemuel_fruit_tree
Lair:3:   layout_roguey, ebering_ghost_disaster_area, uniq_nergalle

Skill      XL: |  1  2  3  4  5  6  7  8  9 10 11 12 13 |
---------------+----------------------------------------+-----
Dodging        | 2 3 4 5 6 7 8 |  8.1
Stealth        | 2 3 4 5 6 7 8 |  8.6
Spellcasting   | 2 3 4 5 6 7 |  7.5
Conjurations   | 4 5 6 7 8 |  8.7
Armour         | 1 2 3 4 5 6 7 |  7.7
Hexes          | 1 2 4 5 6 |  6.6
Poison Magic   | 1 2 3 4 5 6 |  6.8
Shields        | 2 4 5 |  5.5
Fire Magic     | 2 4 |  4.6
Evocations     | 2 4 |  4.6

Action                     |  1- 3 |  4- 6 |  7- 9 | 10-12 | 13-15 || total
---------------------------+-------+-------+-------+-------+-------++-------
  Melee: Unarmed           |    20 |       |       |       |       ||    20
         Punch             |     1 |       |       |       |       ||     1
         Quarterstaff      |       |     2 |       |       |       ||     2
         Staff             |       |       |       |    31 |     2 ||    33
         War axe           |       |       |       |    14 |       ||    14
   Cast: Magic Dart        |    77 |    92 |   275 |   373 |    82 ||   899
         Searing Ray       |     2 |    15 |    32 |    95 |    16 ||   160
         Dazzling Flash    |       |     2 |       |       |       ||     2
         Olgreb's Toxic Ra |       |       |     6 |    35 |     6 ||    47
         Ignite Poison     |       |       |     3 |    29 |     5 ||    37
         Iskenderun's Myst |       |       |       |    19 |    12 ||    31
         Fulminant Prism   |       |       |       |     1 |       ||     1
    Use: Scroll            |       |    11 |    14 |     7 |       ||    32
         Potion            |       |       |       |     2 |     2 ||     4
 Armour: Robe              |     6 |       |       |       |       ||     6
         Ring mail         |     1 |    26 |    64 |   157 |    27 ||   275
  Dodge: Dodged            |    18 |    30 |   105 |   262 |    59 ||   474
  Block: Buckler           |       |       |       |   128 |    43 ||   171

Table legend: (Time is in decaauts)
 A = Elapsed time spent in this place.
 B = Non-inter-level travel time spent in this place.
 C = Inter-level travel time spent in this place.
 D = Time resting spent in this place.
 E = Time spent auto-exploring this place.
 F = Levels seen in this place.
 G = Mean time per level.
                   A        B        C        D        E       F      G
               +--------+--------+--------+--------+--------+-----+--------+
         Total |  18025 |  16729 |   1296 |   1116 |  12490 |  17 | 1060.3 |
       Dungeon |  13262 |  12080 |   1182 |    665 |   9267 |  12 | 1105.2 |
          Lair |   3084 |   2971 |    113 |    255 |   2237 |   3 | 1028.0 |
        Bailey |    457 |    457 |      0 |      0 |    283 |   1 |  457.0 |
      Ice Cave |   1221 |   1221 |      0 |    196 |    702 |   1 | 1221.0 |
               +--------+--------+--------+--------+--------+-----+--------+

Top non-repeatable levels by time:
    D:12: 1748 daAuts
     D:4: 1337 daAuts
  Lair:2: 1303 daAuts
   IceCv: 1221 daAuts
    D:10: 1182 daAuts
     D:5: 1177 daAuts
     D:1: 1174 daAuts
     D:8: 1163 daAuts
  Lair:1: 1123 daAuts
     D:7: 1009 daAuts
     D:3: 989 daAuts
     D:9: 918 daAuts
     D:6: 886 daAuts
     D:2: 874 daAuts
    D:11: 799 daAuts
